AoeStats
← Tomate

Arena

508512638Analyzed
2v2 RM · 11d ago on Sep 22, 2026· 48m 27s· 4 players
Game mode
Random Map
Map size
Medium (4 player)
Population
200
Speed
Normal
Resources
Standard
Victory
Conquest
Starting age
Dark Age
Ending age
Imperial Age
RankedLock teamsTeams togetherTeam positionsShared explorationLock speedFull tech treeHidden civsTurbo modeCheats
Victory
Defeat
🇨🇱 Spanish · Chile
982
+14
🇨🇱 Chinese · Chile
981
+14
🇪🇸 Spanish · Spain
937
-14
🇪🇸 Bohemians · Spain
937
-14
Pacho_Elsucio
10:27 Feudal Age
14:37 Castle Age
12:29 Double-Bit Axe
13:17 Stone Mining
22:47 Bow Saw
22:15 Man-at-Arms
23:57 Wheelbarrow
24:26 Gold Mining
24:21 Horse Collar
30:14 Imperial Age
29:41 Hand Cart
29:48 Hand Cart
31:19 Cavalier
33:02 Scale Barding Armor
33:07 Forging
33:07 Pikeman
34:43 Chain Barding Armor
35:02 Stone Shaft Mining
36:29 Husbandry
39:48 Chemistry
40:41 Bloodlines
41:22 Plate Barding Armor
43:19 Paladin
46:46 Iron Casting
Jimmis18
10:52 Feudal Age
11:18 Horse Collar
11:29 Double-Bit Axe
19:54 Castle Age
20:09 Forging
20:42 Heavy Plow
20:58 Bow Saw
24:32 Elite Skirmisher
25:09 Fletching
25:20 Padded Archer Armor
25:42 Loom
26:33 Wheelbarrow
30:13 Imperial Age
30:31 Hand Cart
31:08 Bodkin Arrow
31:29 Leather Archer Armor
32:10 Pikeman
37:39 Town Watch
39:06 Bracer
39:36 Ring Archer Armor
40:47 Ballistics
41:28 Chemistry
40:09 Light Cavalry
43:45 Elite Hussite Wagon
Tomate
10:46 Feudal Age
14:42 Castle Age
12:47 Double-Bit Axe
13:03 Horse Collar
14:31 Stone Mining
16:23 Bow Saw
17:06 Wheelbarrow
17:52 Loom
20:51 Fletching
21:56 Hand Cart
22:37 Herbal Medicine
22:32 Town Watch
23:01 Padded Archer Armor
24:02 Gold Mining
25:45 Bodkin Arrow
26:06 Leather Archer Armor
30:50 Imperial Age
31:57 Man-at-Arms
33:26 Supremacy
34:32 Two-Man Saw
34:33 Heavy Plow
34:57 Forging
34:48 Scale Mail Armor
35:30 Conscription
35:21 Squires
34:41 Pikeman
36:10 Bloodlines
36:01 Husbandry
35:43 Cavalier
38:59 Town Watch
39:29 Scale Barding Armor
40:00 Iron Casting
39:26 Bracer
39:14 Elite Conquistador
41:50 Chemistry
42:58 Chain Barding Armor
43:38 Blast Furnace
42:54 Chain Mail Armor
45:01 Arson
45:17 Paladin
46:07 Thumb Ring
46:40 Ballistics
47:57 Plate Barding Armor
47:53 Plate Mail Armor
48:04 Fervor
nnickk0
10:18 Feudal Age
15:05 Castle Age
13:09 Double-Bit Axe
13:06 Horse Collar
17:01 Bow Saw
18:12 Wheelbarrow
19:28 Loom
20:29 Heavy Plow
22:14 Hand Cart
23:29 Town Watch
23:37 Stone Mining
25:36 Fletching
25:47 Padded Archer Armor
25:58 Thumb Ring
25:48 Gold Mining
31:18 Imperial Age
32:18 Bodkin Arrow
32:39 Leather Archer Armor
33:23 Stone Shaft Mining
33:25 Gold Shaft Mining
36:41 Elite Chu Ko Nu
37:36 Heavy Rocket Cart
39:57 Bracer
40:27 Ring Archer Armor
41:02 Two-Man Saw
43:00 Rocketry
43:46 Great Wall
43:50 Murder Holes
44:09 Fortified Wall
Connection lost

Rejoining the realm…

Still unreachable

The connection could not be restored.

Session expired

The server has moved on; the page needs a fresh start.